 Dungeon Crawl Stone Soup version 0.28.0 (webtiles) character file.

Game seed: 13295599832346109730

25 themarg the Placeless Gnoll (level 3, 0/28 HPs)
             Began as a Gnoll Wanderer on Feb 6, 2022.
             Slain by a worm (8 damage)
             ... on level 1 of the Dungeon.
             The game lasted 00:04:15 (898 turns).

themarg the Placeless Gnoll (Gnoll Wanderer)         Turns: 898, Time: 00:04:16

Health: 0/28       AC:  3    Str: 10    XL:     3   Next: 4%
Magic:  7/7        EV: 11    Int: 12    God:
Gold:   72         SH:  0    Dex: 13    Spells: 6/7 levels left

rFire   . . .      SeeInvis .   l - +0 spear
rCold   . . .      Faith    .   (no shield)
rNeg    . . .      Spirit   .   d - +0 robe
rPois   .          Reflect  .   (no helmet)
rElec   .          Harm     .   c - +0 cloak
rCorr   .          Rampage  .   (no gloves)
Will    .....                   (no boots)
Stlth   ++........              (no amulet)
HPRegen 0.09/turn               (no ring)
MPRegen 0.10/turn               (no ring)

@: no status effects
A: fangs 1, strong nose, distributed training
a: no special abilities


You were on level 1 of the Dungeon.
You visited 1 branch of the dungeon, and saw 2 of its levels.

You collected 72 gold pieces.

Inventory:

Hand Weapons
 a - a +0 hand crossbow
 l - a +0 spear (weapon)
Missiles
 b - 15 bolts
 f - 20 arrows
 i - 2 throwing nets
Armour
 c - a +0 cloak (worn)
 d - a +0 robe (worn)
Jewellery
 g - a ring of protection from fire
Scrolls
 e - a scroll of enchant weapon {unknown}
 h - a scroll of fog {unknown}
 n - 2 scrolls of fear {unknown}
 o - a scroll of enchant armour {unknown}
Potions
 j - a potion of degeneration {unknown}
 k - a potion of brilliance {unknown}
 m - a potion of might {unknown}


   Skills:
 + Level 2.5 Fighting
 + Level 0.5 Short Blades
 + Level 0.5 Long Blades
 + Level 0.5 Axes
 + Level 0.5 Maces & Flails
 + Level 0.5 Polearms
 + Level 0.5 Staves
 + Level 0.5 Slings
 + Level 0.5 Bows
 + Level 2.5 Crossbows
 + Level 0.5 Throwing
 + Level 0.5 Armour
 + Level 0.5 Dodging
 + Level 2.3 Stealth
 + Level 0.5 Shields
 + Level 0.5 Unarmed Combat
 + Level 2.7 Spellcasting
 + Level 0.4 Conjurations
 + Level 0.4 Hexes
 + Level 0.4 Summonings
 + Level 0.4 Necromancy
 + Level 8.7 Translocations
 + Level 0.4 Transmutations
 + Level 0.4 Fire Magic
 + Level 0.4 Ice Magic
 + Level 0.4 Air Magic
 + Level 0.4 Earth Magic
 + Level 0.4 Poison Magic
 + Level 0.7 Invocations
 + Level 2.5 Evocations


You had 6 spell levels left.
You knew the following spells:

 Your Spells              Type           Power      Damage    Failure   Level
a - Apportation           Tloc           44%        N/A       1%          1

Your spell library contained the following spells:

 Spells                   Type           Power      Damage    Failure   Level
 Blink                    Tloc           44%        N/A       1%          2
 Iskenderun's Mystic Bla  Conj/Tloc      12%        2d5       36%         4


Dungeon Overview and Level Annotations

Branches:
Dungeon (2/15)

Altars:

Shops:
D:1 [


Innate Abilities, Weirdness & Mutations

You have very sharp teeth.
Your uncanny sense of smell can sniff out nearby items.
Your experience applies equally to all skills.


Message History

Fire: 16 bolts
Press: ? - help, Q - select action, (/) - cycle Shift-Dir - straight line, f/p - worm
Aim: a worm (80% to hit)
You shoot a bolt. The bolt hits the worm!
The worm is heavily wounded.
The kobold shouts!
You hear an angry hiss.
Okay, then.
l - a +0 spear (weapon)
The worm bites you. The kobold hits you with a +0 dagger. The worm bites you!
You hit the kobold but do no damage. Your bite misses the kobold.
The kobold hits you with a +0 dagger.
An adder comes into view.
You closely miss the kobold. The worm closely misses you.
The kobold closely misses you.
You hit the kobold but do no damage. Your bite misses the kobold.
The kobold closely misses you. The worm bites you!
* * * LOW HITPOINT WARNING * * *
There is a stone staircase leading up here.
The kobold hits you but does no damage. The worm misses you.
You climb upwards.
There is a stone staircase leading down here.
You hit the kobold.
You kill the kobold!
The worm bites you but does no damage.
Things that are here:
a +0 dagger; a kobold corpse You barely miss the worm.
Your bite misses the worm. You hit the worm.
The worm is moderately wounded.
The worm closely misses you.
You hit the worm.
The worm is moderately wounded.
You hit the worm.
The worm is heavily wounded.
The worm bites you but does no damage.
You hit the worm but do no damage.
The worm is heavily wounded.
The worm bites you!
You die...

#...#+#########.......
#.....................
##.....................
#...............######.
#....#........#########
#....#.................
#....#.###.............
#....#.# #.............
#....#@# #.............
#....#w###.............
#....#>................
#........#..........##.
######.....######...#....
#..........#........#...#
#.###......+........+....
#.###....###........#...#
#...'...............#...#


You could see a worm.

Vanquished Creatures
  A dart slug (D:1)
  3 ball pythons (D:1)
  4 endoplasms (D:1)
  A goblin (D:1)
  6 kobolds (D:1)
  4 bats (D:1)
  A frilled lizard (D:1)
  2 rats (D:1)
22 creatures vanquished.

Vanquished Creatures (others)
  2 plants (D:1)
2 creatures vanquished.

Grand Total: 24 creatures vanquished

Notes
Turn   | Place    | Note
-------+----------+-------------------------------------------
     0 | D:1      | themarg the Gnoll Wanderer began the quest for the Orb.
     0 | D:1      | themarg set off with the following items: a +0 hand
                  | crossbow, 23 bolts, a +0 cloak, a +0 robe; and the
                  | following spell memorised: Apportation; and the following
                  | spells available to memorise: Blink, Iskenderun's Mystic
                  | Blast
     0 | D:1      | Reached XP level 1. HP: 17/17 MP: 4/4
   115 | D:1      | Reached XP level 2. HP: 23/23 MP: 5/5
   196 | D:1      | Found Jeaffaif's Antique Armour Emporium.
   322 | D:1      | Found a faded altar of an unknown god.
   492 | D:1      | Reached XP level 3. HP: 25/28 MP: 7/7
   898 | D:1      | Slain by a worm

Illustrated notes

Levels and vault maps discovered:
D:1:      minmay_arrival_five_plusses, layout_basic, serial_shops,
          nicolae_shop_overgrown_old_shop,
          hellmonk_ecumenical_altar_pennies_from_heaven
D:2:      layout_rooms, basic_altar, serial_shops, shop

Action                   || total
-------------------------++-------
Melee: Spear             ||     9
 Fire: Hand crossbow     ||    31
Armor: Robe              ||     4
Dodge: Dodged            ||     8
